Cogmind - Beta 16 @@@ ROGUE MODE // 2025.12.21 @ 17:15:36 Player: Artackni Result: Escaped! Performance ------------- Evolutions (9) 4500 Regions Visited (18) 3600 Robots Destroyed (90) 450 Value Destroyed (2926) 2926 Prototype IDs (41) 820 Alien Tech Used (0) 0 Bonus (3706) 3706 TOTAL SCORE: 16002 Bonus ------- High Alert Combat Kills 55 Follower Combat Kills 351 Aligned with FarCom 300 Win 3000 Cogmind --------- Core Integrity 1559/1600 Matter 182/300 Energy 191/200 System Corruption 0% Temperature Cool (63) Movement Flying (17) Location To Epsilon Eridani Parts ------- > --- POWER (3) -------- Micro Nuclear Core Micro Antimatter Reactor > --- PROPULSION (6) --- Improved VTOL Module Improved VTOL Module Improved VTOL Module Xenon Bombardment Thruster Cooled VTOL Module Cooled VTOL Module > --- UTILITY (14) ----- Advanced Heat Sink Structural Scanner Advanced Transmission Jammer Advanced ECM Suite Cloaking Device Cloaking Device Hacking Suite Hacking Suite Hacking Suite Hacking Suite Hacking Suite Improved Hacking Suite Improved Hacking Suite System Shield > --- WEAPON (2) ------- Chainsword > --- INVENTORY (5) ---- Improved VTOL Module Remote Datajack Peak State ------------ > --- POWER ------------ Micro Nuclear Core Light Fission Core Micro Antimatter Reactor > --- PROPULSION ------- Improved VTOL Module Improved VTOL Module Improved VTOL Module Xenon Bombardment Thruster Cooled VTOL Module Cooled VTOL Module > --- UTILITY ---------- Advanced Heat Sink Structural Scanner Advanced Transmission Jammer Advanced ECM Suite Cloaking Device Cloaking Device Hacking Suite Hacking Suite Hacking Suite Hacking Suite Hacking Suite Improved Hacking Suite Improved Hacking Suite System Shield > --- WEAPON ----------- Chainsword > --- INVENTORY -------- Improved VTOL Module Cloaking Device Remote Datajack [Rating: 103] Favorites ----------- Power Light Nuclear Core Engine Cooled Ion Engine Power Core Light Nuclear Core Reactor Micro Antimatter Reactor Propulsion Improved VTOL Module Leg Aluminum Leg Flight Unit Improved VTOL Module Utility Hacking Suite Device Structural Scanner Storage Medium Storage Unit Processor Improved Signal Interpreter Hackware Hacking Suite Protection Medium Armor Plating Weapon Chainsword Energy Gun EM Pulse Gun Energy Cannon Advanced Beam Cannon Ballistic Gun Assault Rifle Ballistic Cannon Light Cannon Special Weapon Remote Datajack Slashing Weapon Chainsword Special Melee Weapon Datajack Build | -11 -10 -10 -9 -9 -9 -8 -8 -7 -7 -7 -6 -6 -6 -5 -4 -3 -2 -1 ------- Run | Yrd Mat Min Mat Min Exi Min Mat Fac Was Fac Fac Was Fac Fac Fac Res Res Acc Slots Evolved 18 | . . . 2 . . . 2 2 . . 2 . . 2 2 2 2 2 Power 2 | . . . . . . . . 1 . . . . . . . . 1 . Propulsion 4 | . . . 1 . . . 1 1 . . . . . . . . 1 . Utility 12 | . . . 1 . . . 1 . . . 2 . . 2 2 2 . 2 Weapon . | . . . . . . . . . . . . . . . . . . . Parts Attached 113 | 7 7 5 15 5 1 1 31 11 . 6 5 . . 4 7 3 . 5 Power 15 | 1 2 2 1 . . . 2 3 . 2 1 . . . . . . 1 Engine 6 | 1 1 1 1 . . . 1 . . 1 . . . . . . . . Core 8 | . 1 1 . . . . 1 3 . 1 1 . . . . . . . Reactor 1 | . . . . . . . . . . . . . . . . . . 1 Propulsion 36 | 2 3 1 5 1 . 1 16 3 . 2 1 . . . . . . 1 Treads . | . . . . . . . . . . . . . . . . . . . Leg 25 | 2 3 1 5 1 . 1 12 . . . . . . . . . . . Wheel . | . . . . . . . . . . . . . . . . . . . Hover . | . . . . . . . . . . . . . . . . . . . Flight 11 | . . . . . . . 4 3 . 2 1 . . . . . . 1 Utility 41 | 2 . 1 4 1 . . 9 2 . 2 3 . . 4 7 3 . 3 Device 24 | 1 . . 2 1 . . 5 1 . 1 2 . . 2 7 1 . 1 Storage 3 | 1 . 1 1 . . . . . . . . . . . . . . . Processor 1 | . . . . . . . . 1 . . . . . . . . . . Hackware 9 | . . . . . . . 1 . . 1 1 . . 2 . 2 . 2 Protection 4 | . . . 1 . . . 3 . . . . . . . . . . . Artifact . | . . . . . . . . . . . . . . . . . . . Weapon 21 | 2 2 1 5 3 1 . 4 3 . . . . . . . . . . Energy Gun 4 | 1 . . 3 . . . . . . . . . . . . . . . Energy Cannon 7 | . . . 2 2 1 . 2 . . . . . . . . . . . Ballistic Gun 1 | 1 . . . . . . . . . . . . . . . . . . Ballistic Cannon 2 | . 2 . . . . . . . . . . . . . . . . . Launcher . | . . . . . . . . . . . . . . . . . . . Special Weapon 2 | . . . . 1 . . . 1 . . . . . . . . . . Impact Weapon . | . . . . . . . . . . . . . . . . . . . Slashing Weapon 2 | . . . . . . . 1 1 . . . . . . . . . . Piercing Weapon . | . . . . . . . . . . . . . . . . . . . Special Melee Weapon 3 | . . 1 . . . . 1 1 . . . . . . . . . . Unidentified Prototypes 8 | . . . 3 . 1 . . . . 2 . . . 1 1 . . . Parts Lost 20 | . . . 2 4 . . 11 . . . . . . . . . . 3 Power 4 | . . . 1 . . . 1 . . . . . . . . . . 2 Propulsion 8 | . . . . 2 . . 6 . . . . . . . . . . . Utility 6 | . . . 1 1 . . 3 . . . . . . . . . . 1 Weapon 2 | . . . . 1 . . 1 . . . . . . . . . . . Highest Loss Streak 4 | . . . 1 1 . . 4 . . . . . . . . . . 2 To Critical Strikes . | . . . . . . . . . . . . . . . . . . . Average Backups 6 | 1 7 8 8 8 8 9 8 4 5 4 4 5 5 3 4 4 4 3 Power 1 | . 1 1 1 1 1 1 1 1 1 . 1 1 1 1 1 1 1 . Propulsion 1 | . 1 2 2 1 1 1 . 1 2 2 1 2 2 2 2 2 1 1 Utility 1 | . 1 2 2 2 2 2 3 1 2 2 1 2 2 . 1 1 1 . Weapon 1 | . 1 1 2 3 4 3 2 . . . . . . . . . . . Tool/Special . | . . . . . . . . . . . . . . . . . . . Unused Backups 20 | . 3 1 5 . . . 2 4 . 1 1 . . . 2 . 1 . Power 2 | . . . 1 . . . . . . 1 . . . . . . . . Propulsion 3 | . 1 . 1 . . . . 1 . . . . . . . . . . Utility 9 | . . 1 . . . . 1 3 . . 1 . . . 2 . 1 . Weapon 6 | . 2 . 3 . . . 1 . . . . . . . . . . . Tool/Special . | . . . . . . . . . . . . . . . . . . . Average Slot Usage (%) 96 | . 100 100 99 96 91 88 91 93 100 99 99 100 100 99 97 95 94 95 Engine 4 | . 14 2 7 11 11 11 6 . . 1 . . . . . . . . Core 7 | . . 11 3 . . . 2 12 15 13 13 13 13 11 10 9 12 10 Leg 13 | . 28 28 33 32 33 33 32 . . . . . . . . . . . Flight 16 | . . . . . . . 1 34 38 38 33 33 33 29 26 23 25 24 Device 19 | . 14 14 18 17 22 22 19 23 15 14 19 20 20 17 23 23 20 23 Storage 4 | . 14 14 11 11 11 11 8 . . . . . . . . . . . Hackware 11 | . . . . . . . . 7 7 7 19 20 20 28 26 28 30 32 Protection 1 | . . . 3 1 . . 6 . . . . . . . . . . . Energy Gun 1 | . 7 9 6 . . . . . . . . . . . . . . . Energy Cannon 3 | . . . 7 17 14 11 11 . . . . . . . . . . . Ballistic Gun 1 | . 12 . . . . . . . . . . . . . . . . . Ballistic Cannon 1 | . 8 18 7 . . . . . . . . . . . . . . . Special Weapon 2 | . . . . 4 . . . 4 7 6 6 6 6 5 5 4 . . Slashing Weapon 3 | . . . . . . . . 7 7 7 6 6 6 5 5 4 4 4 Peak Build Rating 103 | 7 10 12 19 23 35 37 41 46 46 47 60 60 60 74 83 85 91 103 Average Rating 47 | 5 7 9 15 20 30 36 34 41 45 46 58 60 60 67 77 82 88 98 On Entrance 42 | . 7 8 10 19 20 35 37 30 45 46 46 60 60 60 69 79 84 90 Avg Prop Armor Cover (%) . | . . . . . . . . . . . . . . . . . . . Naked Turns . | . . . . . . . . . . . . . . . . . . . Heaviest Build 46 | 13 15 17 30 30 38 38 46 21 20 21 23 23 23 23 24 25 28 32 Greatest Support 52 | 20 20 20 30 30 30 35 52 27 25 27 29 29 29 25 38 29 34 36 Greatest Overweight (x) 2 | . 1 . . 1 1 1 2 . . . . . . . . . . . Average Overweight (x) . | . . . . . . 1 . . . . . . . . . . . . Largest Inventory Capacity 10 | 8 8 8 10 10 10 10 10 5 5 5 5 5 5 5 5 5 5 5 Average Capacity 6 | 6 8 8 9 10 10 10 9 5 5 5 5 5 5 5 5 5 5 5 Most Carried 10 | 5 8 8 10 10 9 10 10 5 5 5 5 5 5 5 5 4 5 4 Average Carried 6 | 1 7 7 8 8 8 9 8 4 5 4 4 5 5 3 4 4 4 3 Final Capacity 10 | 8 8 8 10 10 10 10 5 5 5 5 5 5 5 5 5 5 5 5 Final Carried 10 | 5 8 8 10 7 9 9 5 5 5 5 5 5 5 5 5 4 5 2 Class Distribution -------------------- 28% | Scavenger-Mutant 18% | Wizard-Sprinter 15% | Mutant 12% | Hacker-Scout 7% | Infiltrator-Sprinter 5% | Hacker-Sprinter 4% | Sprinter 4% | Scout Dominant Class ---------------- Mutant | -10/Materials Scavenger-Mutant | -10/Mines Scavenger-Mutant | -9/Materials Scavenger-Mutant | -9/Mines Mutant | -9/Exiles Scavenger-Mutant | -8/Mines Scavenger-Mutant | -8/Materials Sprinter | -7/Factory Infiltrator-Sprinter | -7/Waste Scout | -7/Factory Hacker-Scout | -6/Factory Hacker-Scout | -6/Waste Hacker-Scout | -6/Factory Hacker-Scout | -5/Factory Hacker-Sprinter | -4/Factory Wizard-Sprinter | -3/Research Wizard-Sprinter | -2/Research Wizard-Sprinter | -1/Access Resources | -11 -10 -10 -9 -9 -9 -8 -8 -7 -7 -7 -6 -6 -6 -5 -4 -3 -2 -1 ----------- Run | Yrd Mat Min Mat Min Exi Min Mat Fac Was Fac Fac Was Fac Fac Fac Res Res Acc Matter Collected 2017 | 279 114 220 326 62 . 30 380 . 170 105 . . . . 135 . 155 41 Remotely . | . . . . . . . . . . . . . . . . . . . Salvage Created 3482 | 37 397 76 598 290 . 393 1460 . . 15 . . . . 135 . . 81 Parts 189 | 8 24 5 41 9 . 18 75 . . 1 . . . . 5 . . 3 Haulers Intercepted 6 | . 1 . 2 . . . 2 . . . . . . . 1 . . . Recyclers Shooed . | . . . . . . . . . . . . . . . . . . . Parts Field Recycled . | . . . . . . . . . . . . . . . . . . . Retrieved Matter . | . . . . . . . . . . . . . . . . . . . Parts Self-Destructed . | . . . . . . . . . . . . . . . . . . . Prevented . | . . . . . . . . . . . . . . . . . . . Parts Restored . | . . . . . . . . . . . . . . . . . . . Kills | -11 -10 -10 -9 -9 -9 -8 -8 -7 -7 -7 -6 -6 -6 -5 -4 -3 -2 -1 ------- Run | Yrd Mat Min Mat Min Exi Min Mat Fac Was Fac Fac Was Fac Fac Fac Res Res Acc Combat Hostiles Destroyed 80 | . 11 2 12 20 . 9 26 . . . . . . . . . . . Guns 7 | . 6 . 1 . . . . . . . . . . . . . . . Cannons 51 | . 4 2 10 20 . 2 13 . . . . . . . . . . . AOE 16 | . 1 . . . . 6 9 . . . . . . . . . . . Classes Destroyed 15 | 1 3 . 3 2 . 2 4 . . . . . . . . . . . Worker 3 | . . . . . . . 2 . . 1 . . . . . . . . Builder 4 | . . . 1 . . . 2 . . . . . . . 1 . . . Tunneler 3 | 2 . . . . . 1 . . . . . . . . . . . . Hauler 6 | . 1 . 2 . . . 2 . . . . . . . 1 . . . Recycler 2 | . . . . . . 1 1 . . . . . . . . . . . Operator 1 | . . . . . . . 1 . . . . . . . . . . . Watcher 4 | . . . 1 . . . 1 . . . . . . . . . . 2 Swarmer 10 | . 3 . . 4 . 3 . . . . . . . . . . . . Grunt 41 | . 8 2 8 1 . 5 17 . . . . . . . . . . . Brawler 1 | . . . . . . 1 . . . . . . . . . . . . Duelist 1 | . . . . . . . 1 . . . . . . . . . . . Sentry 10 | . . . 4 . . . 6 . . . . . . . . . . . Demolisher 2 | . . . . 2 . . . . . . . . . . . . . . Hunter 2 | . . . . . . . 2 . . . . . . . . . . . Assembled 13 | . . . . 13 . . . . . . . . . . . . . . Best Kill Streak 5 | 1 4 2 4 5 . 4 5 . . 1 . . . . 1 . . 1 Combat Bots Only 5 | . 3 2 4 5 . 3 4 . . . . . . . . . . . Max Kills in Single Turn 3 | 1 1 1 2 1 . 3 3 . . 1 . . . . 1 . . 1 Gunslinging . | . . . . . . . . . . . . . . . . . . . Exploded 2 | . 1 . . . . 2 2 . . . . . . . . . . . Melee . | . . . . . . . . . . . . . . . . . . . Uniques/NPCs Destroyed . | . . . . . . . . . . . . . . . . . . . Combat | -11 -10 -10 -9 -9 -9 -8 -8 -7 -7 -7 -6 -6 -6 -5 -4 -3 -2 -1 -------- Run | Yrd Mat Min Mat Min Exi Min Mat Fac Was Fac Fac Was Fac Fac Fac Res Res Acc Hostile Shots Fired 293 | . 28 9 43 60 . 10 94 . . . 4 . 1 . 2 4 . 38 Missed 108 | . 8 4 18 16 . 3 31 . . . 1 . 1 . 2 2 . 22 Hits 185 | . 20 5 25 44 . 7 63 . . . 3 . . . . 2 . 16 Melee 7 | . . . . 7 . . . . . . . . . . . . . . Projectile 178 | . 20 5 25 37 . 7 63 . . . 3 . . . . 2 . 16 AOE 7 | . . . 1 6 . . . . . . . . . . . . . . Critical Strikes 5 | . . . 2 . . . 3 . . . . . . . . . . . Part Disruptions 1 | . . . . 1 . . . . . . . . . . . . . . Damage Taken 3396 | . 247 53 377 786 . 157 1227 . . 46 44 . . . . 47 . 412 Core 526 | . 55 . 58 163 . 23 147 . . . 14 . . . . 25 . 41 Absorbed by Shields . | . . . . . . . . . . . . . . . . . . . Regen/Repaired (Parts) 42 | . . . . . . . . . . 23 . . . . . . 19 . Core Remaining (%) 85 | 100 . 78 . . . 39 32 . . 100 . . 98 100 100 98 100 97 Volleys Fired 183 | 3 24 4 34 35 . 8 61 5 1 1 . . 5 . 1 1 . . Largest 2 | 2 2 2 2 2 . 1 2 1 1 1 . . 1 . 1 1 . . Hottest 168 | 60 60 60 136 168 . 100 136 5 5 5 . . 5 . 5 5 . . Shots Fired 319 | 6 48 8 65 69 . 8 101 5 1 1 . . 5 . 1 1 . . Gun 59 | 6 38 . 15 . . . . . . . . . . . . . . . Cannon 237 | . 10 8 50 60 . 8 101 . . . . . . . . . . . Launcher . | . . . . . . . . . . . . . . . . . . . Special 23 | . . . . 9 . . . 5 1 1 . . 5 . 1 1 . . Kinetic 79 | 3 34 8 34 . . . . . . . . . . . . . . . Thermal 209 | . . . 31 69 . 8 101 . . . . . . . . . . . Explosive . | . . . . . . . . . . . . . . . . . . . Electromagnetic 17 | 3 14 . . . . . . . . . . . . . . . . . Robot Hit Streak 16 | 2 7 2 16 7 . 5 15 7 8 9 . . 1 . 2 3 . . Robot Miss Streak 5 | 2 5 1 2 3 . 2 4 . . . . . 3 . . . . . Penetration Max . | . . . . . . . . . . . . . . . . . . . Secondary Targets . | . . . . . . . . . . . . . . . . . . . Shots Hit Robots 207 | 3 31 7 51 35 . 4 61 3 1 2 . . 1 . 3 2 . 3 Core Hits 119 | 2 20 3 18 23 . 10 39 . . . . . . . 2 . . 2 Critical Kills 5 | . . . . . . 1 4 . . . . . . . . . . . Critical Parts Destroyed . | . . . . . . . . . . . . . . . . . . . Critical Strikes 16 | . 2 1 7 1 . 1 4 . . . . . . . . . . . Burn 4 | . . . 3 1 . . . . . . . . . . . . . . Meltdown 5 | . . . . . . 1 4 . . . . . . . . . . . Blast 7 | . 2 1 4 . . . . . . . . . . . . . . . Melee Attacks 184 | . . 3 2 . . . 6 15 . 12 13 . 2 12 17 19 10 73 Impact . | . . . . . . . . . . . . . . . . . . . Slashing 179 | . . . . . . . 6 15 . 12 13 . 2 12 17 19 10 73 Piercing . | . . . . . . . . . . . . . . . . . . . Sneak Attacks 10 | . . 3 2 . . . 1 . . 1 . . . . 2 1 . . Combat Hostiles . | . . . . . . . . . . . . . . . . . . . Follow-up Attacks . | . . . . . . . . . . . . . . . . . . . Damage Inflicted 7686 | 39 449 71 882 821 . 1042 3947 . . 69 . . . . 137 87 . 142 Guns 531 | 39 290 . 202 . . . . . . . . . . . . . . . Cannons 4526 | . 128 71 680 783 . 429 2435 . . . . . . . . . . . Explosions 2090 | . 31 . . . . 613 1446 . . . . . . . . . . . Melee 501 | . . . . . . . 66 . . 69 . . . . 137 87 . 142 Ramming . | . . . . . . . . . . . . . . . . . . . Kinetic 867 | 13 310 71 473 . . . . . . . . . . . . . . . Thermal 6184 | . 31 . 409 821 . 1042 3881 . . . . . . . . . . . Explosive . | . . . . . . . . . . . . . . . . . . . Electromagnetic 134 | 26 108 . . . . . . . . . . . . . . . . . Impact . | . . . . . . . . . . . . . . . . . . . Slashing 501 | . . . . . . . 66 . . 69 . . . . 137 87 . 142 Piercing . | . . . . . . . . . . . . . . . . . . . Highest Corruption 6 | . . . . . . . . . . 1 . 6 6 . . 1 . . Average Corruption 2 | . . . . . . . . . . 1 . 6 6 . . 1 . . Corruption Purged . | . . . . . . . . . . . . . . . . . . . Corruption Blocked . | . . . . . . . . . . . . . . . . . . . Effects 7 | . . . . . . . . . . 1 . 2 3 . . 1 . . Message Errors 3 | . . . . . . . . . . . . 1 1 . . 1 . . Matter Fused 1 | . . . . . . . . . . . . 1 . . . . . . Heat Flow Errors 1 | . . . . . . . . . . 1 . . . . . . . . Energy Discharges 1 | . . . . . . . . . . . . . 1 . . . . . Data Loss (minor) 1 | . . . . . . . . . . . . . 1 . . . . . Overload Shots . | . . . . . . . . . . . . . . . . . . . Overflow Damage 344 | . . . . 11 . 64 223 . . 29 . . . . . 17 . . Projectiles 132 | . . . . 11 . 25 96 . . . . . . . . . . . Explosions 140 | . . . . . . 39 101 . . . . . . . . . . . Melee 72 | . . . . . . . 26 . . 29 . . . . . 17 . . Knockbacks 4 | . 2 . 2 . . . . . . . . . . . . . . . Impact . | . . . . . . . . . . . . . . . . . . . Kinetic 3 | . 2 . 1 . . . . . . . . . . . . . . . Secondary 1 | . . . 1 . . . . . . . . . . . . . . . Self-Inflicted Damage 385 | . 36 . . . . 64 285 . . . . . . . . . . . Shots 6 | . 1 . . . . 1 4 . . . . . . . . . . . Rammed . | . . . . . . . . . . . . . . . . . . . Targets Rammed . | . . . . . . . . . . . . . . . . . . . Kicked . | . . . . . . . . . . . . . . . . . . . Crushed . | . . . . . . . . . . . . . . . . . . . Highest Temperature 305 | . 24 18 123 108 . . 254 . 100 305 24 3 46 . 10 28 18 256 Average Temperature 72 | . 8 15 33 32 . . 92 . 42 86 15 3 26 . 10 12 18 71 Received Heat Transfer 996 | . 96 18 183 132 . 54 468 . . . . . . . . . . 45 Effects 7 | . . . . . . . 4 . . 3 . . . . . . . . Energy Bleed 1 | . . . . . . . 1 . . . . . . . . . . . Interference 6 | . . . . . . . 3 . . 3 . . . . . . . . Siege Activations . | . . . . . . . . . . . . . . . . . . . Martial Activations . | . . . . . . . . . . . . . . . . . . . Shielding Activations . | . . . . . . . . . . . . . . . . . . . Robots Disrupted . | . . . . . . . . . . . . . . . . . . . Combat Hostiles . | . . . . . . . . . . . . . . . . . . . Robots Corrupted . | . . . . . . . . . . . . . . . . . . . Combat Hostiles . | . . . . . . . . . . . . . . . . . . . Parts Fried . | . . . . . . . . . . . . . . . . . . . Impact Corruptions . | . . . . . . . . . . . . . . . . . . . Robots Melted 6 | . . . 1 . . 1 4 . . . . . . . . . . . Combat Hostiles 6 | . . . 1 . . 1 4 . . . . . . . . . . . Parts Melted 14 | . . . 3 . . . 11 . . . . . . . . . . . Heat Transferred 7961 | . 50 . 1036 1806 . 800 4269 . . . . . . . . . . . Parts Sabotaged . | . . . . . . . . . . . . . . . . . . . Parts Stolen . | . . . . . . . . . . . . . . . . . . . Parts Stripped . | . . . . . . . . . . . . . . . . . . . Power Chain Reactions 1 | . 1 . . . . . . . . . . . . . . . . . Alert | -11 -10 -10 -9 -9 -9 -8 -8 -7 -7 -7 -6 -6 -6 -5 -4 -3 -2 -1 ------- Run | Yrd Mat Min Mat Min Exi Min Mat Fac Was Fac Fac Was Fac Fac Fac Res Res Acc Maximum Alert Level 2 | . . . . . . . 2 1 . 1 . . . . . . . . Low Security (%) 88 | 100 100 100 100 100 . 100 46 98 100 59 100 100 100 100 100 100 100 100 Level 1 8 | . . . . . . . 34 1 . 40 . . . . . . . . Level 2 2 | . . . . . . . 18 . . . . . . . . . . . Level 3 . | . . . . . . . . . . . . . . . . . . . Level 4 . | . . . . . . . . . . . . . . . . . . . Level 5 . | . . . . . . . . . . . . . . . . . . . High Security . | . . . . . . . . . . . . . . . . . . . Max Security . | . . . . . . . . . . . . . . . . . . . Peak Influence 496 | 5 83 40 126 100 . 168 496 216 22 333 21 . 102 49 64 87 44 68 Initial 215 | . . 12 . 22 . . 37 215 5 . . . . 44 . . 44 . Average 67 | 1 28 4 70 25 . 81 245 12 6 175 1 . 61 8 14 5 10 14 Influence Increases 4138 | 10 311 50 363 190 . 307 1067 63 63 802 58 . 152 39 161 149 40 313 Destroy 0b10 Robot/C 1820 | . 220 40 240 140 . 180 520 . . 480 . . . . . . . . Destroy 0b10 Robot/NC 130 | 10 5 . 20 . . 10 45 . . 20 . . . . 10 . . 10 Destroy Leader 390 | . 42 10 66 20 . 30 136 . . 80 . . . . 2 . . 4 Allied During Kill 89 | . . . . . . . . . . 89 . . . . . . . . Successful Hack 159 | . 9 . 5 . . . 9 4 . 15 30 . . . 59 10 10 8 Disable Machine 165 | . . . . . . 15 105 15 . 30 . . . . . . . . Destroy Structure 770 | . 5 . 2 . . 72 222 14 63 73 13 . 2 24 30 34 30 186 Partial Spotted 285 | . . . . . . . . 30 . 15 15 . 15 15 30 90 . 75 Lose Combat Pursuer 330 | . 30 . 30 30 . . 30 . . . . . 135 . 30 15 . 30 Influence Decreases 4129 | 10 279 82 306 247 . 211 689 522 78 802 58 . 60 129 163 70 119 304 Entered New Map 468 | . . 20 . 35 . . 59 259 10 . . . . 48 2 . 35 . Time Decay 2894 | 10 279 62 286 182 . 211 520 113 56 407 58 . 60 81 147 70 84 268 Lost Part 183 | . . . 20 30 . . 110 . . . . . . . . . . 23 Lost Ally 292 | . . . . . . . . . 12 280 . . . . . . . . Purge Threat 292 | . . . . . . . . 150 . 115 . . . . 14 . . 13 Squads Dispatched 42 | . 2 . 1 . . . 4 3 . 11 5 . . 2 1 3 2 8 Investigation 11 | . 1 . 1 . . . 2 . . 4 3 . . . . . . . Extermination 22 | . . . . . . . . 2 . 4 2 . . 2 1 2 2 7 Reinforcement 8 | . 1 . . . . . 1 1 . 3 . . . . . 1 . 1 Assault . | . . . . . . . . . . . . . . . . . . . Garrison 1 | . . . . . . . 1 . . . . . . . . . . . Intercept . | . . . . . . . . . . . . . . . . . . . Searches Triggered . | . . . . . . . . . . . . . . . . . . . Construction Impeded 1 | . . . . . . . . . . 1 . . . . . . . . Haulers Reinforced 1 | . . . . . . . . . . . . . . . . 1 . . Active Scanning Responses . | . . . . . . . . . . . . . . . . . . . Cargo Convoy Interrupts . | . . . . . . . . . . . . . . . . . . . Stealth | -11 -10 -10 -9 -9 -9 -8 -8 -7 -7 -7 -6 -6 -6 -5 -4 -3 -2 -1 --------- Run | Yrd Mat Min Mat Min Exi Min Mat Fac Was Fac Fac Was Fac Fac Fac Res Res Acc Distress Signals 12 | . 1 . 2 . . . 2 . . 2 . . . . 1 2 . 2 Communications Jammed 20 | . . . . . . . . . . . . . . . . 20 . . Distress Signals 20 | . . . . . . . . . . . . . . . . 20 . . Times Spotted 155 | . 17 5 17 29 . 7 28 1 4 . 1 6 10 1 3 6 . 20 Peak Tracking Total 7 | . 4 3 4 7 . 3 4 1 2 . 1 6 6 2 3 7 . 5 Tactical Retreats 24 | . 2 . 1 5 . . 2 . 1 . . . 3 . 1 1 . 8 ECM-based Alert Blocks 12 | . . . . . . . . . . . . . . . . . . 12 Traps | -11 -10 -10 -9 -9 -9 -8 -8 -7 -7 -7 -6 -6 -6 -5 -4 -3 -2 -1 ------- Run | Yrd Mat Min Mat Min Exi Min Mat Fac Was Fac Fac Was Fac Fac Fac Res Res Acc Traps Triggered 12 | . 2 . 1 . . . 1 1 . 2 1 . 1 1 . . 1 1 Indirectly . | . . . . . . . . . . . . . . . . . . . Trap Hack Attempts . | . . . . . . . . . . . . . . . . . . . Triggered . | . . . . . . . . . . . . . . . . . . . Disarmed . | . . . . . . . . . . . . . . . . . . . Reprogrammed . | . . . . . . . . . . . . . . . . . . . Reused . | . . . . . . . . . . . . . . . . . . . Traps Extracted . | . . . . . . . . . . . . . . . . . . . Installed . | . . . . . . . . . . . . . . . . . . . Triggered . | . . . . . . . . . . . . . . . . . . . Machines | -11 -10 -10 -9 -9 -9 -8 -8 -7 -7 -7 -6 -6 -6 -5 -4 -3 -2 -1 ---------- Run | Yrd Mat Min Mat Min Exi Min Mat Fac Was Fac Fac Was Fac Fac Fac Res Res Acc Machines Disabled 11 | . . . . . . 1 7 1 . 2 . . . . . . . . Max in Single Turn 1 | . . . . . . 1 1 1 . . . . . . . . . . Garrison Access 3 | . . . . . . . 1 1 . 1 . . . . . . . . Machines Repaired . | . . . . . . . . . . . . . . . . . . . Machines Dismantled . | . . . . . . . . . . . . . . . . . . . Machines Sabotaged . | . . . . . . . . . . . . . . . . . . . Overloaded Fab Kills . | . . . . . . . . . . . . . . . . . . . Hacking | -11 -10 -10 -9 -9 -9 -8 -8 -7 -7 -7 -6 -6 -6 -5 -4 -3 -2 -1 --------- Run | Yrd Mat Min Mat Min Exi Min Mat Fac Was Fac Fac Was Fac Fac Fac Res Res Acc Machines Accessed 98 | . 7 . 5 . 1 . 8 9 . 20 12 . 2 5 11 4 3 11 Terminals 63 | . 5 . 4 . . . 3 5 . 11 7 . 1 4 7 4 2 10 Fabricators 5 | . . . . . . . . . . 1 3 . . . 1 . . . Repair Stations 5 | . . . . . . . 1 1 . 1 1 . . . . . 1 . Recycling Units 11 | . 2 . . . . . 1 1 . 4 . . . 1 2 . . . Scanalyzers 8 | . . . 1 . . . 2 . . 2 1 . . . 1 . . 1 Garrison Access 5 | . . . . . . . 1 2 . 1 . . 1 . . . . . Total Hacks 235 | . 16 . 12 . 1 . 24 14 . 36 40 . 4 9 40 13 7 19 Successful 139 | . 10 . 5 . 1 . 16 7 . 16 18 . 2 6 31 7 5 15 Failed 95 | . 6 . 7 . . . 8 7 . 19 22 . 2 3 9 6 2 4 Catastrophic 21 | . 1 . 2 . . . 1 1 . 10 5 . 1 . . . . . Database Lockouts 1 | . . . . . . . . . . 1 . . . . . . . . Manual 52 | . 1 . 2 . 1 . 1 3 . 12 11 . . 2 5 6 2 6 Terminals 149 | . 12 . 10 . . . 9 8 . 15 23 . 2 8 26 13 5 18 Fabricators 15 | . . . . . . . . . . 3 9 . . . 3 . . . Repair Stations 11 | . . . . . . . 2 2 . 2 3 . . . . . 2 . Recycling Units 20 | . 4 . . . . . 2 1 . 6 . . . 1 6 . . . Scanalyzers 30 | . . . 2 . . . 10 . . 7 5 . . . 5 . . 1 Garrison Access 9 | . . . . . . . 1 3 . 3 . . 2 . . . . . Terminal Hacks 80 | . 8 . 3 . 1 . 5 3 . 2 8 . 1 5 20 7 3 14 Record 11 | . . . . . . . 1 . . . 3 . . 3 4 . . . Robot Analysis 2 | . 1 . . . . . . . . . . . . . . 1 . . Prototype ID Bank 5 | . . . . . . . 1 . . . 1 . . . 3 . . . Open Door 5 | . . . . . . . . . . . . . . 1 . . . 4 Open DSF 2 | . . . . . . . . 1 . 1 . . . . . . . . Level Access Points 5 | . . . . . . . . . . . . . . 1 1 1 1 1 Branch Access Points 1 | . . . 1 . . . . . . . . . . . . . . . Emergency Access Points 1 | . . . . . . . . . . . . . . . 1 . . . Terminal Index 2 | . . . . . . . . . . . . . . . . 1 1 . Fabricator Index 1 | . . . . . . . . . . . 1 . . . . . . . Recycling Unit Index 1 | . . . . . . . . . . . . . . . 1 . . . Scanalyzer Index 2 | . . . . . . . . . . . 1 . . . . . 1 . Alert Level 3 | . . . . . . . . . . . 1 . 1 . 1 . . . Unreport Threat 4 | . . . . . . . . 1 . 1 . . . . 1 . . 1 Locate Traps 11 | . 2 . 1 . . . 2 . . . . . . . 2 2 . 2 Dispatch Records 2 | . 1 . 1 . . . . . . . . . . . . . . . Maintenance Status 1 | . 1 . . . . . . . . . . . . . . . . . Security Status 2 | . . . . . . . . . . . . . . . 2 . . . Surveillance Status 1 | . . . . . . . . . . . . . . . . . . 1 Patrol Status 2 | . . . . . . . 1 . . . . . . . . . . 1 Recall Investigation 1 | . 1 . . . . . . . . . . . . . . . . . Recall Extermination 4 | . . . . . . . . . . . 1 . . . 1 . . 2 Recall Reinforcements 1 | . . . . . . . . . . . . . . . . 1 . . Registered Components 2 | . . . . . . . . 1 . . . . . . 1 . . . Registered Prototypes 2 | . . . . . . . . . . . . . . . 1 1 . . Zone Layout 5 | . 2 . . . . . . . . . . . . . 1 . . 2 Proto ID Catalog 1 | . . . . . 1 . . . . . . . . . . . . . Fabricator Hacks 10 | . . . . . . . . . . 3 5 . . . 2 . . . Network Status 1 | . . . . . . . . . . 1 . . . . . . . . Load Schematic 5 | . . . . . . . . . . 1 3 . . . 1 . . . Build 4 | . . . . . . . . . . 1 2 . . . 1 . . . Repair Station Hacks 9 | . . . . . . . 1 2 . 2 2 . . . . . 2 . Scan Component 5 | . . . . . . . 1 1 . 1 1 . . . . . 1 . Repair 4 | . . . . . . . . 1 . 1 1 . . . . . 1 . Recycling Unit Hacks 11 | . 2 . . . . . . 1 . 3 . . . 1 4 . . . Recycle Component 1 | . . . . . . . . . . . . . . . 1 . . . Report Inventory 3 | . . . . . . . . 1 . 2 . . . . . . . . Retrieve Matter 3 | . . . . . . . . . . . . . . . 3 . . . Retrieve Components 4 | . 2 . . . . . . . . 1 . . . 1 . . . . Scanalyzer 25 | . . . 2 . . . 9 . . 5 3 . . . 5 . . 1 Insert Component 6 | . . . . . . . 2 . . 1 1 . . . 2 . . . Analyze 6 | . . . . . . . 2 . . 1 1 . . . 2 . . . Retrieve Study 13 | . . . 2 . . . 5 . . 3 1 . . . 1 . . 1 Garrison Access Hacks 4 | . . . . . . . 1 1 . 1 . . 1 . . . . . Seal Access 3 | . . . . . . . 1 1 . 1 . . . . . . . . Coupler Status 1 | . . . . . . . . . . . . . 1 . . . . . Unauthorized Hacks . | . . . . . . . . . . . . . . . . . . . Terminals . | . . . . . . . . . . . . . . . . . . . Fabricators . | . . . . . . . . . . . . . . . . . . . Repair Stations . | . . . . . . . . . . . . . . . . . . . Recycling Units . | . . . . . . . . . . . . . . . . . . . Scanalyzers . | . . . . . . . . . . . . . . . . . . . Garrison Access . | . . . . . . . . . . . . . . . . . . . Data Cores Recovered . | . . . . . . . . . . . . . . . . . . . Used . | . . . . . . . . . . . . . . . . . . . Hacking Detections 79 | . 6 . 5 . . . 7 4 . 18 12 . 2 3 11 4 1 6 Full Trace Events 8 | . 2 . . . . . 1 . . 2 3 . . . . . . . Feedback Events . | . . . . . . . . . . . . . . . . . . . Feedback Blocked . | . . . . . . . . . . . . . . . . . . . Robot Schematics Acquired . | . . . . . . . . . . . . . . . . . . . Robots Built . | . . . . . . . . . . . . . . . . . . . Authchips . | . . . . . . . . . . . . . . . . . . . Time . | . . . . . . . . . . . . . . . . . . . Total Robot Build Rating . | . . . . . . . . . . . . . . . . . . . Part Schematics Acquired 5 | . . . . . . . 2 . . . 1 . . . 2 . . . Parts Built 5 | . . . . . . . . . . 1 2 . . . 2 . . . Authchips . | . . . . . . . . . . . . . . . . . . . Time 250 | . . . . . . . . . . 58 134 . . . 58 . . . Total Part Build Rating 25 | . . . . . . . . . . 3 8 . . . 14 . . . Part Studies Acquired 12 | . . . 1 . . . 5 . . 3 1 . . . 1 . . 1 Parts Repaired 4 | . . . . . . . . 1 . 1 1 . . . . . 1 . Time 199 | . . . . . . . . 76 . 44 44 . . . . . 35 . Parts Recycled 1 | . . . . . . . . . . . . . . . 1 . . . Recycled Matter . | . . . . . . . . . . . . . . . . . . . Retrieved Matter . | . . . . . . . . . . . . . . . . . . . Retrieved Components 18 | . 6 . . . . . . . . 10 . . . 2 . . . . Parts Scanalyzed 6 | . . . . . . . 2 . . 1 1 . . . 2 . . . Part Schematics Acquired 5 | . . . . . . . 2 . . . 1 . . . 2 . . . Parts Damaged 2 | . . . . . . . 1 . . . 1 . . . . . . . Bothacking | -11 -10 -10 -9 -9 -9 -8 -8 -7 -7 -7 -6 -6 -6 -5 -4 -3 -2 -1 ------------ Run | Yrd Mat Min Mat Min Exi Min Mat Fac Was Fac Fac Was Fac Fac Fac Res Res Acc Used RIF Installer . | . . . . . . . . . . . . . . . . . . . Robots Hacked 9 | . . 2 1 . . . . 3 1 . . . . . 1 1 . . Non-combat 8 | . . 2 1 . . . . 3 . . . . . . 1 1 . . Combat 1 | . . . . . . . . . 1 . . . . . . . . . Robot Hacks Applied 10 | . . 2 2 . . . . 3 1 . . . . . 1 1 . . parse_system 4 | . . 2 1 . . . . . 1 . . . . . . . . . no_distress 4 | . . . 1 . . . . 2 . . . . . . . 1 . . find_chute 2 | . . . . . . . . 1 . . . . . . 1 . . . Relay Couplers Released . | . . . . . . . . . . . . . . . . . . . Fabnet Peak Effective % . | . . . . . . . . . . . . . . . . . . . Robots Rewired . | . . . . . . . . . . . . . . . . . . . Allies Hacked 1 | . . . . . . . . . . 1 . . . . . . . . Hacks Repelled . | . . . . . . . . . . . . . . . . . . . Allies | -11 -10 -10 -9 -9 -9 -8 -8 -7 -7 -7 -6 -6 -6 -5 -4 -3 -2 -1 -------- Run | Yrd Mat Min Mat Min Exi Min Mat Fac Was Fac Fac Was Fac Fac Fac Res Res Acc Total Allies 21 | . . . . . . . . . 20 . . 1 . . . . . . Largest Group 19 | . . . . . . . . . 19 15 . 1 . . . . . . Highest-Rated Group 482 | . . . . . . . . . 482 409 . 31 . . . . . . Highest-Rated Ally 35 | . . . . . . . . . 35 35 . 31 . . . . . . Total Orders . | . . . . . . . . . . . . . . . . . . . Ally Attacks 290 | . . . . . . . . . 158 121 . 11 . . . . . . Total Damage 6589 | . . . . . . . . . 3778 2626 . 185 . . . . . . Kills 37 | . . . . . . . . . 10 27 . . . . . . . . Allies Corrupted . | . . . . . . . . . . . . . . . . . . . Allies Melted 1 | . . . . . . . . . . 1 . . . . . . . . Intel | -11 -10 -10 -9 -9 -9 -8 -8 -7 -7 -7 -6 -6 -6 -5 -4 -3 -2 -1 ------- Run | Yrd Mat Min Mat Min Exi Min Mat Fac Was Fac Fac Was Fac Fac Fac Res Res Acc Active Infowar (turns) 9688 | 24 988 479 476 . . . 1099 696 165 1135 969 55 159 476 768 525 310 1364 Structural 7968 | . . . 306 . . . 1099 696 165 1135 969 55 159 474 768 525 310 1307 Traps 2334 | . . . . . . . . . . 507 969 55 159 327 317 . . . Seismic 1967 | 24 988 479 476 . . . . . . . . . . . . . . . Cloaking 2131 | . . . . . . . . . . . . . . . 119 447 310 1255 Jamming 2357 | . . . . . . . . . . . . . . 149 768 525 310 605 ECM 693 | . . . . . . . . 34 1 2 . . . . . 17 . 639 Robot Analysis Total 2 | . 1 . . . . . . . . . . . . . . 1 . . Derelict Logs Recovered 3 | . . 2 . 1 . . . . . . . . . . . . . . Drone Launches . | . . . . . . . . . . . . . . . . . . . Drone Recoveries . | . . . . . . . . . . . . . . . . . . . Exploration | -11 -10 -10 -9 -9 -9 -8 -8 -7 -7 -7 -6 -6 -6 -5 -4 -3 -2 -1 ------------- Run | Yrd Mat Min Mat Min Exi Min Mat Fac Was Fac Fac Was Fac Fac Fac Res Res Acc Turns Passed 12061 | 92 988 481 724 687 388 466 1604 696 165 1144 969 55 159 476 768 525 310 1364 Spaces Moved 15939 | 59 493 351 438 464 265 239 1005 1681 237 2492 1712 181 417 812 1273 743 636 2441 Core 4 | 4 . . . . . . . . . . . . . . . . . . Treads . | . . . . . . . . . . . . . . . . . . . Legs 3113 | 55 493 351 438 464 265 239 808 . . . . . . . . . . . Wheels . | . . . . . . . . . . . . . . . . . . . Hover . | . . . . . . . . . . . . . . . . . . . Flight 12822 | . . . . . . . 197 1681 237 2492 1712 181 417 812 1273 743 636 2441 Fastest Speed 14 | 50 120 120 105 105 105 175 26 23 23 23 17 17 17 23 17 17 14 14 Average Speed 42 | 115 120 120 116 105 145 179 98 25 23 23 23 22 22 23 22 22 19 19 Slowest Speed 190 | 120 190 120 120 175 175 180 178 29 23 24 24 23 23 23 23 23 23 20 Overloaded Moves 506 | . . . . . . . . . . . 12 5 34 . 11 122 12 310 Propulsion Burnouts . | . . . . . . . . . . . . . . . . . . . Robots Hopped 60 | . . . . . . . . 16 . 12 7 . 2 4 2 8 . 9 Potential Cave-ins . | . . . . . . . . . . . . . . . . . . . Cave-ins Triggered . | . . . . . . . . . . . . . . . . . . . Exploration Rate (%) 50 | 5 84 67 46 89 61 56 52 38 90 64 36 98 14 26 30 18 19 57 Regions Visited 18 Branch Regions 4 Pre-discovered Areas 1 | . . 1 . . . . . . . . . . . . . . . . Known Exits Taken 8 | . . . 1 . . 1 1 . . 1 . . . 1 1 1 1 . Unknown Exits Taken 6 | 1 1 1 . 1 1 . . . . . . . 1 . . . . . Scrap Searched 4 | . . 1 . 2 . 1 . . . . . . . . . . . . Spaces Dug 175 | . . . . . . . 19 14 . 11 13 . 2 12 15 17 10 62 Terrain Destroyed 513 | . 3 . . 1 . 116 237 14 . 11 13 . 2 12 15 17 10 62 Melee 161 | . . . . . . . 5 14 . 11 13 . 2 12 15 17 10 62 Projectile 36 | . . . . 1 . 4 31 . . . . . . . . . . . AOE 316 | . 3 . . . . 112 201 . . . . . . . . . . . Terrain Rammed . | . . . . . . . . . . . . . . . . . . . Walls Destroyed . | . . . . . . . . . . . . . . . . . . . Machines Disabled . | . . . . . . . . . . . . . . . . . . . Actions | -11 -10 -10 -9 -9 -9 -8 -8 -7 -7 -7 -6 -6 -6 -5 -4 -3 -2 -1 --------- Run | Yrd Mat Min Mat Min Exi Min Mat Fac Was Fac Fac Was Fac Fac Fac Res Res Acc Total 20563 | 73 843 400 585 587 269 252 1467 1911 345 3030 2258 193 473 1075 1721 1065 803 3213 Wait 3975 | . 301 25 69 79 . 1 317 193 107 512 521 13 37 247 411 308 132 702 Move 15806 | 58 492 350 437 463 264 238 1004 1653 236 2467 1698 180 412 803 1268 726 635 2422 Hop 56 | . . . . . . . . 12 . 12 7 . 2 4 2 8 . 9 Pick Up 70 | 5 7 2 11 2 2 1 12 9 . 5 3 . . 2 6 . 3 . Fast Attach 41 | 7 2 1 3 . 1 . 8 4 . 3 4 . . 2 4 1 1 . Attach 39 | . . . 3 4 . . 16 1 . 1 1 . . 2 3 1 3 4 Detach 6 | . . . . . . . 3 . . . . . . . 1 . 2 . Swap 83 | . 8 10 13 3 . 2 16 8 1 9 4 . . 3 1 1 1 3 Drop 90 | . 9 5 13 1 2 2 24 11 . 8 7 . . . 7 . 1 . Fire 183 | 3 24 4 34 35 . 8 61 5 1 1 . . 5 . 1 1 . . Melee 184 | . . 3 2 . . . 6 15 . 12 13 . 2 12 17 19 10 73 Ram . | . . . . . . . . . . . . . . . . . . . Kick . | . . . . . . . . . . . . . . . . . . . Crush . | . . . . . . . . . . . . . . . . . . . Escape Stasis 30 | . . . . . . . . . . . . . 15 . . . 15 . Rewire . | . . . . . . . . . . . . . . . . . . . Trap . | . . . . . . . . . . . . . . . . . . . Miscellaneous . | . . . . . . . . . . . . . . . . . . . Route ------- -11/Scrapyard -10/Materials (discovered 5 exits: *Mat x3 / [*Min x2]) -10/Mines (discovered 2 exits: *Mat x2) -9/Materials (discovered 5 exits: *Mat x2 / *Min / Sto x2) -9/Mines (discovered 3 exits: *Mat x2 / *Exi) -9/Exiles -8/Mines (discovered 2 exits: *Mat x2) -8/Materials (discovered 2 exits: *Fac x2) -7/Factory (discovered 3 exits: *Fac x3) -7/Waste -7/Factory (discovered 4 exits: *Fac x2 / *Low x2) -6/Factory (discovered 2 exits: *Fac / [*Low]) -6/Waste -6/Factory -5/Factory (discovered 6 exits: *Fac x4 / [*Upp] / [*Ext]) -4/Factory (discovered 4 exits: *Res x4) -3/Research (discovered 3 exits: *Res x3) -2/Research (discovered 3 exits: *Acc x3) -1/Access (discovered 2 exits: *Sur / [*Com]) To Epsilon Eridani History --------- Turn | Location | Event 9 | -11/Scrapyard | Discovered new exit (range 15) 93 | -11/Scrapyard | Entered Materials 154 | -10/Materials | Discovered new exit (range 15) 298 | -10/Materials | Discovered new exit (range 16) 308 | -10/Materials | Build established: Mutant 408 | -10/Materials | Discovered new exit (range 10) 922 | -10/Materials | Discovered new exit (range 8) 1004 | -10/Materials | Discovered new exit (range 8) 1081 | -10/Materials | Entered Mines 1088 | -10/Mines | Received a Rocket Launcher from a helpful Derelict 1103 | -10/Mines | Learned location of 1 exit from Materials 1285 | -10/Mines | Learned location of Zion (-6) 1296 | -10/Mines | Discovered new exit (range 9) 1490 | -10/Mines | Build established: Scavenger-Mutant 1524 | -10/Mines | Discovered new exit (range 7) 1562 | -10/Mines | Entered Materials 1562 | -9/Materials | Evolved 2 slots: Propulsion x1, Utility x1 1563 | -9/Materials | Identified exit to Materials 1805 | -9/Materials | Discovered new exit (range 10) 1982 | -9/Materials | Discovered exit to Materials (range 16) 2224 | -9/Materials | Identified exit to Mines 2224 | -9/Materials | Identified exit to Storage 2286 | -9/Materials | Entered Mines 2287 | -9/Mines | Assembled infested the area 2540 | -9/Mines | A weapon hastily lodged in a ceiling crevice suddenly fell to the ground 2567 | -9/Mines | Discovered exit to Materials (range 9) 2820 | -9/Mines | Core integrity fell below 50% 2847 | -9/Mines | Discovered exit to Materials (range 10) 2967 | -9/Mines | Deemed a non-threat by the Exiles lab entrance 2968 | -9/Mines | Discovered new exit (range 5) 2973 | -9/Mines | Entered Exiles 2979 | -9/Exiles | Build established: Mutant 2999 | -9/Exiles | Met 8R-AWN 3018 | -9/Exiles | Met EX-HEX 3049 | -9/Exiles | Met EX-BIN 3061 | -9/Exiles | Aligned with FarCom system 3062 | -9/Exiles | Given EX-Vault access code 3088 | -9/Exiles | Opened EX-Vault 3093 | -9/Exiles | Found Prototype Energy Cannon 3093 | -9/Exiles | Identified YOLO Cannon 3137 | -9/Exiles | Warned to stay clear of 0b10 Research branches 3272 | -9/Exiles | Met EX-DEC 3340 | -9/Exiles | Discovered new exit (range 14) 3361 | -9/Exiles | Left Exiles lab with YOLO Cannon 3361 | -9/Exiles | Entered Mines 3367 | -8/Mines | Discovered exit to Materials (range 12) 3691 | -8/Mines | Build established: Scavenger-Mutant 3748 | -8/Mines | Discovered exit to Materials (range 13) 3827 | -8/Mines | Entered Materials 3827 | -8/Materials | Evolved 2 slots: Propulsion x1, Utility x1 3828 | -8/Materials | Identified exit to Factory 4828 | -8/Materials | YOLO Cannon suddenly exploded 4828 | -8/Materials | Discovered exit to Factory (range 6) 4829 | -8/Materials | Core integrity fell below 50% 4859 | -8/Materials | Lost 4 parts (2n1u1w) 5206 | -8/Materials | Garrison activated, responded to threat 5431 | -8/Materials | Entered Factory 5431 | -7/Factory | Evolved 2 slots: Power x1, Propulsion x1 5488 | -7/Factory | Discovered new exit (range 8) 5605 | -7/Factory | Build established: Sprinter 5668 | -7/Factory | Repaired Broken Imp. VTOL Module 5933 | -7/Factory | Discovered new exit (range 15) 6090 | -7/Factory | Discovered new exit (range 14) 6127 | -7/Factory | Sucked down chute 6127 | -7/Factory | Entered Waste 6128 | -7/Waste | Met a frightened Derelict 6130 | -7/Waste | Spotted C-40 Crusher 6130 | -7/Waste | Spotted C-40 Crusher 6134 | -7/Waste | Spotted C-40 Crusher 6137 | -7/Waste | Spotted C-40 Crusher 6145 | -7/Waste | Warlord forces began an assault 6183 | -7/Waste | Spotted C-40 Crusher 6199 | -7/Waste | Allies destroyed C-40 Crusher 6227 | -7/Waste | Spotted C-40 Crusher 6228 | -7/Waste | Allies destroyed C-40 Crusher 6231 | -7/Waste | Allies destroyed C-40 Crusher 6237 | -7/Waste | Discovered new exit (range 14) 6241 | -7/Waste | Identified exit to Factory 6257 | -7/Waste | Lost 3 allies 6292 | -7/Waste | Entered Factory 6292 | -7/Factory | Accompanied by 15 allies 6428 | -7/Factory | Fabricated Imp. VTOL Module? 6560 | -7/Factory | Discovered new exit (range 15) 6597 | -7/Factory | Discovered new exit (range 15) 6615 | -7/Factory | Discovered new exit (range 6) 6616 | -7/Factory | Identified exit to Lower Caves 6627 | -7/Factory | Build established: Scout 6972 | -7/Factory | Build established: Infiltrator-Sprinter 7055 | -7/Factory | Lost 3 allies 7174 | -7/Factory | Central database locked down 7265 | -7/Factory | Repaired Remote Datajack 7400 | -7/Factory | Discovered new exit (range 12) 7402 | -7/Factory | Identified exit to Factory 7436 | -7/Factory | Entered another Factory area 7436 | -6/Factory | Evolved 2 slots: Utility x2 7665 | -6/Factory | Fabricated Cld. VTOL Module (x1) 7725 | -6/Factory | Build established: Hacker-Scout 7850 | -6/Factory | Discovered new exit (range 5) 7983 | -6/Factory | Repaired Broken Cld. VTOL Module 8069 | -6/Factory | Discovered new exit (range 9) 8276 | -6/Factory | Spotted B-75 Beast 8298 | -6/Factory | Fabricated Cld. VTOL Module? 8405 | -6/Factory | Sucked down chute 8405 | -6/Factory | Entered Waste 8406 | -6/Waste | Met a frightened Derelict 8407 | -6/Waste | Spotted C-40 Crusher 8408 | -6/Waste | Spotted C-40 Crusher 8412 | -6/Waste | Spotted C-40 Crusher 8420 | -6/Waste | EMP discharged 8429 | -6/Waste | Spotted C-40 Crusher 8434 | -6/Waste | Spotted C-40 Crusher 8436 | -6/Waste | Spotted C-40 Crusher 8439 | -6/Waste | Discovered new exit (range 16) 8460 | -6/Waste | Entered Factory 8618 | -6/Factory | Discovered new exit (range 7) 8619 | -6/Factory | Entered another Factory area 8619 | -5/Factory | Evolved 2 slots: Utility x2 8624 | -5/Factory | Discovered new exit (range 9) 8628 | -5/Factory | Discovered new exit (range 7) 8726 | -5/Factory | Discovered new exit (range 5) 9002 | -5/Factory | Identified exit to Factory 9095 | -5/Factory | Entered another Factory area 9095 | -4/Factory | Evolved 2 slots: Utility x2 9312 | -4/Factory | Identified exit to Research 9385 | -4/Factory | Build established: Hacker-Ninja 9410 | -4/Factory | Fabricated Imp. Phase Shifter (x2) 9708 | -4/Factory | Build established: Hacker-Sprinter 9863 | -4/Factory | Entered Research 9863 | -3/Research | Evolved 2 slots: Utility x2 9910 | -3/Research | Identified exit to Research 10169 | -3/Research | Build established: Wizard-Sprinter 10388 | -3/Research | Entered another Research area 10388 | -2/Research | Evolved 2 slots: Power x1, Propulsion x1 10620 | -2/Research | Identified exit to Access 10689 | -2/Research | Repaired Cld. VTOL Module? 10698 | -2/Research | Entered Access 10698 | -1/Access | Evolved 2 slots: Utility x2 10887 | -1/Access | Identified exit to Surface 10959 | -1/Access | Discovered new exit (range 7) 11610 | -1/Access | Spotted B-99 Colossus 11914 | -1/Access | Spotted B-99 Colossus 12062 | *** | Escaped! Last Messages --------------- detected, Programmers report to Access Zone 4I. 11915_ Connecting with Terminal... >>Recall(Extermination) Establishing remote squad link... Recalled extermination squad XC93GQED9L. 12013_ U-05 Engineer builds a Wall. 12029_ Penetrated by Slug. 12029_ Cloaking Device destroyed. 12029_ Slug penetrates Wall. 12054_ ALERT: Potential suspicious activity detected, Programmers report to Access Zone 1M. 12057_ Penetrated by Slug. 12057_ Lgt. Fission Core+ destroyed. 12061_ Connecting with Terminal... >>Open(Door) Sealed Barrier opened. 12061_ The Access Shell folds into the floor. [Achievement: Epsilon Run] Map ----- +----------------------------------------------------+ | ##???## # ############ ##???? | | ##???## # # " ## # ???? | | ##???## ""T"" # # """ ## # ???? | | ####### """"" # # """ + # ???? | | ###############"# # " ## # ???? | | ###+### [ # ## # ???? | | ############ + ## # ???? | | !############ # ## # ???? | | ##### ##????????## # ## # ???? | | ###### ###????????## #########+## # ???? | | ##??## #########?? ###### # ???? | | ##??## #########??? ##??## # | | ##??## # ##??? ##??## ##+### | | ##??## # ##??? ##??## | | ###### # ##??BB????BB ##??## | | +####### # ##??BB????BB ##??## | | # # ##?????????? ##??## ###+### | | # # / ##??????????"##??## # | | " # # % ##???????????????## + | | """ + + ###"????????"##??## ####### | | """ # # ###""""""""""##??## ####### | | " # # ### ##??##w##???## | | # # ### ##??## ##???## | | # # ### ##??## ##???######## | | # # ### "" ##??## # ??? | | # # ### "@ ##??## # ? | | ]]! # ########## ##??## # | | ]|! # ########## ##??## + | | ]|! # ##?????### ###?## # | | # ##?????### ###?## # ? | | # ##?????## ##?## # ??? !! | | # ##?????###"" ###?## # ????? !! | | ######## ##?????###"" ###?## # ??????? | | ######## ##??????##"" ##??## # ????????? | | ??????## ##??????##T ##??## # ??????????? | | ????? ## ###?????##"" ##??## # ??????????? | | ????? ## ##########"" R ###### ##??????????? | | ????? # ]#########"" ###### ##??????????? | | ????? + u ??????????? | | ????? # ??????????? | | ????? # ############################??????????? | | ????? ## #############################??????????? | | ????? ## ###????????????????????????????????????? | | ??????## ##?????????????????????????????????????? | | ?????? # #########################??????????????? | | ?????? # #########################??????????????? | | ?????? + ##??????????????? | | ?????? # ######## ##??????????????? | | ?????? # ############+######### ##??????????????? | | ?????? # # # ##??????????????????? | +----------------------------------------------------+ Best States ------------- Heat Dissipation 71 Energy Generation 45 Energy Capacity 280 Matter Stores 300 Matter Capacity 300 Sight Range 16 Terrain Scan Density 10 ECM Strength 2 Jamming Range 16 Cloak Strength 3 Additional Mass Support 16 Armor Coverage 450 Evasion (%) 67 Offensive Hacking 74 Defensive Hacking 10 Item Schematics ----------------- Carbon-fiber Leg | -8/Materials | Scanalyzed Imp. VTOL Module | -8/Materials | Scanalyzed Cld. VTOL Module | -6/Factory | Scanalyzed Mic. Nuclear Core | -4/Factory | Scanalyzed Adv. Terrain Scanner | -4/Factory | Scanalyzed Robot Schematics ------------------ None Fabricated ------------ Imp. VTOL Module | x1 | -7/Factory Cld. VTOL Module | x1 | -6/Factory Cld. VTOL Module | x1 | -6/Factory Imp. Phase Shifter | x2 | -4/Factory | Preloaded Repaired ---------- Imp. VTOL Module | 99% | -7/Factory | Broken Remote Datajack | 67% | -7/Factory Cld. VTOL Module | 99% | -6/Factory | Broken Cld. VTOL Module | 68% | -2/Research Studied --------- Aluminum Leg | -9/Materials | Hacked Carbon-fiber Leg | -8/Materials | Hacked Lgt. Deuterium Engine | -8/Materials | Hacked Lgt. Nuclear Core | -8/Materials | Hacked Titanium Leg | -8/Materials | Hacked Datajack | -8/Materials | Hacked Xenon Bombardment Thruster | -7/Factory | Hacked Mic. Nuclear Core | -7/Factory | Hacked Chainsword | -7/Factory | Hacked Lgt. Fission Core | -6/Factory | Hacked Remote Datajack | -4/Factory | Hacked Mic. Antimatter Reactor | -1/Access | Hacked Alien Tech Used ----------------- None Achievements -------------- Below Can't Catch Me Cya! Dangerous Findings Denied? Epsilon Run Ghost 'Em GoHome() Heavy Suspicion I Survived The Infestation Origins Prolific Hacker Total Silence YOLO Challenges ------------ None Game ------ Seed HellfireStasisManipulator Manual? 0 Play Time 05:44:45 Cumulative 12.4 hours Start 2025.12.19 @ 22:34:01 End 2025.12.21 @ 17:15:36 Sessions 10 Manual Loads 0 Difficulty Rogue Special Mode None Game No. 6 Rogue 6 Adventurer 0 Explorer 0 Win Type 0 Total 1 Types 1/0/0/0/0/0/0/0/0/0 Lore% 10 Gallery% 15 Achievement% 15 Wizard Run 0 Options --------- Layout 2 ASCII 0 Keyboard 0 Movement Mouse Keybinds 0 Fullscreen 1 Font 24/Smallcaps Map View 50x44 Zoom Use 0% Tactical HUD 1 Map Filters NONE Filters NONE Steam 1 RUN: 9a29b8d7-2610-4c4f-8d28-87dee1e9d16e